Map: Emerald City LE

Players

SamLeRoux - Winner!

  • Race: Terran Terran
  • League: Platinum
  • Spawn Location: 11:00

ThorQc - Winner!

  • Race: Zerg Zerg
  • League: Platinum
  • Spawn Location: 11:00

Subwaymaker

  • Race: Protoss Protoss
  • League: Silver
  • Spawn Location: 5:00

Mesrob

  • Race: Terran Terran
  • Spawn Location: 5:00

VOD

Have the link to the VOD?

Description

Time

  • Played on: Jan. 8, 2019, 11:21 a.m.
  • Length: 9:12
Show
View Real Time Build Order
Export as new Build Order

SamLeRoux Terran - Winner!

Build Orders:  

Get SALT Encoding   

  12  0:02  SCV  
  13  0:14  SCV  
  13  0:19  Supply Depot  
  14  0:27  SCV  
  15  0:41  SCV  
  16  0:43  Barracks  
  16  0:47  Refinery  
  16  0:53  SCV  
  17  1:05  SCV  
  18  1:17  SCV  
  19  1:29  SCV  
  19  1:31  Reaper  
  21  1:40  Command Center  
  21  1:44  Orbital Command  
  21  1:56  Barracks  
  21  2:01  Refinery  
  21  2:10  Barracks Reactor  
  21  2:16  SCV  
  22  2:28  SCV  
  23  2:31  Factory  
  23  2:51  SCV  
  23  2:52  Orbital Command  
  23  2:54  Marine, Barracks Tech Lab  
  23  2:55  Marine  
  26  3:04  SCV  
  27  3:14  Marine x2  
  27  3:15  Marine  
  27  3:16  Factory Reactor, SCV  
  31  3:25  SCV  
  32  3:28  SCV  
  33  3:37  Marine x3  
  33  3:38  Supply Depot, SCV  
  37  3:46  Supply Depot, Stimpack  
  37  3:47  Starport, SCV  
  38  3:50  SCV  
  38  4:00  Marine x2, SCV  
  38  4:02  SCV  
  42  4:12  SCV  
  42  4:13  Marine  
  42  4:14  Supply Depot, SCV  
  42  4:15  Supply Depot  
  45  4:18  Marine  
  45  4:19  Marine  
  45  4:21  Factory Tech Lab  
  47  4:24  SCV  
  47  4:26  SCV  
  49  4:31  Marine  
  49  4:32  Supply Depot  
  50  4:39  Marine x2  
  50  4:40  Medivac, Siege Tank  
  50  4:41  Medivac  
  50  4:45  Refinery, SCV x2  
  61  4:51  Marine  
  62  4:57  SCV x2  
  64  5:02  Supply Depot  
  64  5:03  Marine x2, Supply Depot  
  66  5:09  SCV x2  
  68  5:17  Command Center  
  68  5:20  Liberator  
  68  5:34  Marine  
  68  5:35  Marine x2  
  71  5:36  Medivac, Siege Tank  
  71  5:40  SCV x2  
  81  5:46  Refinery, Engineering Bay  
  81  5:47  Engineering Bay  
  81  5:52  SCV x2  
  81  5:55  Marine  
  81  5:56  Marine x2  
  79  6:32  Marine x3  
  80  6:34  Siege Tank  
  80  6:36  Medivac x2, SCV  
  80  6:37  SCV  
  80  6:38  Orbital Command  
  85  6:50  Marine x2  
  85  6:51  Marine  
  85  6:52  SCV  
  85  6:53  SCV  
  88  7:03  Barracks  
  88  7:04  Combat Shield, Orbital Command  
  88  7:06  Terran Infantry Weapons Level 1  
  88  7:07  Terran Infantry Armor Level 1  
  88  7:08  Marine x2, Barracks x2  
  90  7:09  Marine  
  91  7:20  SCV x2  
  93  7:31  SCV  
  93  7:32  Marine, SCV  
  93  7:33  Marine, SCV  
  93  7:34  Marine  
  93  7:36  Siege Tank  
  102  7:37  Medivac  
  102  7:38  Medivac  
  102  7:44  SCV  
  107  7:47  Supply Depot  
  107  7:48  Supply Depot  
  107  7:50  Supply Depot  
  107  7:51  Marine  
  107  7:52  Barracks Tech Lab, Armory  
  107  7:53  Marine  
  109  8:32  Marine  
  109  8:33  Marine, Barracks Reactor x2  
  109  8:34  Marine x2  
  99  8:50  Marine  
  99  8:51  Marine x2  
  99  8:52  Marine  
  111  9:00  SCV  
  114  9:06  Refinery  
  114  9:09  Refinery  
Show
View Real Time Build Order
Export as new Build Order

ThorQc Zerg - Winner!

Build Orders: Hatch First 

Get SALT Encoding   

  12  0:01  Drone  
  13  0:12  Overlord  
  13  0:17  Drone  
  14  0:31  Drone  
  14  0:32  Drone  
  14  0:35  Drone  
  17  0:54  Hatchery  
  16  0:57  Drone  
  16  1:00  Drone  
  18  1:07  Drone  
  19  1:12  Extractor  
  18  1:21  Spawning Pool  
  18  1:24  Drone  
  18  1:29  Drone  
  19  1:39  Drone  
  20  1:49  Drone  
  21  2:01  Overlord  
  21  2:11  Queen x2  
  21  2:13  Metabolic Boost  
  25  2:19  Drone x3  
  28  2:32  Zergling x4  
  30  2:41  Hatchery  
  29  2:50  Queen  
  32  2:58  Drone x3  
  32  3:00  Drone  
  35  3:06  Overlord  
  35  3:15  Spine Crawler  
  34  3:20  Drone x2  
  34  3:25  Drone x2  
  38  3:47  Drone  
  38  3:48  Drone x5  
  44  3:51  Extractor  
  44  3:57  Extractor  
  44  4:02  Drone  
  44  4:03  Drone x6  
  44  4:06  Overlord  
  44  4:09  Overlord  
  50  4:16  Roach Warren  
  49  4:21  Drone  
  49  4:23  Queen  
  51  4:36  Drone x3  
  51  4:37  Drone x6  
  60  4:47  Extractor  
  60  4:48  Extractor  
  60  4:50  Drone x3  
  61  5:01  Drone  
  61  5:02  Drone x3  
  65  5:12  Extractor  
  65  5:13  Lair  
  64  5:16  Drone  
  64  5:17  Overlord x2  
  64  5:18  Overlord x2  
  65  5:36  Drone x3  
  65  5:37  Drone  
  65  5:41  Drone x4  
  65  5:42  Drone  
  74  5:48  Extractor  
  73  5:55  Drone x5  
  73  5:56  Drone  
  79  6:02  Roach  
  79  6:03  Spore Crawler  
  80  6:20  Spore Crawler x2, Hydralisk Den  
  77  6:29  Spore Crawler, Drone x5  
  77  6:30  Drone x8  
  89  6:37  Spore Crawler  
  88  6:44  Spine Crawler  
  87  6:49  Hydralisk  
  87  6:50  Hydralisk x2, Roach x2  
  97  6:55  Muscular Augments  
  97  7:00  Overlord x3, Evolution Chamber  
  97  7:01  Overlord x3  
  96  7:02  Hatchery, Glial Reconstitution  
  95  7:17  Hydralisk  
  95  7:18  Hydralisk x11  
  95  7:20  Hydralisk  
  121  7:28  Evolution Chamber  
  120  7:33  Drone x5  
  126  7:51  Hydralisk x5  
  126  7:52  Hydralisk  
  126  7:57  Spire  
  137  8:01  Hatchery  
  136  8:06  Zergling x2  
  136  8:07  Zergling x14  
  144  8:12  Hatchery  
  144  8:16  Infestation Pit  
  142  8:21  Queen  
  144  8:45  Overlord x7  
  144  8:46  Overlord x4  
Show
View Real Time Build Order
Export as new Build Order

Subwaymaker Protoss 

Build Orders:  

Get SALT Encoding   

  12  0:00  Probe  
  13  0:08  Probe  
  14  0:32  Probe  
  14  0:35  Pylon  
  15  0:41  Assimilator  
  15  0:54  Gateway  
  15  0:58  Probe  
  16  1:06  Probe  
  17  1:15  Probe  
  18  1:28  Probe  
  19  1:40  Probe  
  19  1:41  Pylon  
  19  1:46  Cybernetics Core  
  20  1:52  Probe  
  20  1:53  Assimilator  
  21  2:00  Probe  
  21  2:08  Probe  
  23  2:18  Probe  
  24  2:30  Probe  
  24  2:34  Stargate  
  24  2:35  Stalker  
  27  2:42  Probe  
  27  3:29  Void Ray  
  27  3:32  Pylon  
  31  4:06  Stargate  
  31  4:18  Pylon  
  31  4:21  Pylon  
  30  4:53  Pylon  
  30  5:02  Void Ray  
  30  5:03  Void Ray  
  30  5:05  Nexus  
  38  5:07  Assimilator  
  38  5:12  Assimilator  
  38  5:15  Warp Gate  
  38  5:20  Cybernetics Core  
  38  5:26  Pylon  
  38  5:29  Pylon  
  38  5:34  Probe  
  39  5:46  Probe  
  40  5:59  Probe  
  40  6:02  Protoss Air Armor Level 1  
  41  6:05  Void Ray  
  41  6:11  Probe  
  32  6:37  Void Ray  
  36  6:50  Probe  
  36  6:53  Void Ray  
  37  7:02  Probe  
  42  7:10  Probe  
  42  7:11  Void Ray, Probe  
  44  7:19  Probe, Gateway  
  44  7:20  Gateway  
  48  7:23  Probe  
  48  7:28  Probe  
  50  7:33  Pylon  
  50  7:36  Probe, Gateway  
  52  7:56  Void Ray x2  
  60  7:58  Probe  
  61  8:06  Probe  
  62  8:16  Probe  
  62  8:17  Fleet Beacon  
  63  8:24  Forge  
  63  8:25  Forge  
  47  8:58  Sentry  
  47  8:59  Sentry x3  
Show
View Real Time Build Order
Export as new Build Order

Mesrob Terran 

Build Orders:  

Get SALT Encoding   

  12  0:01  SCV  
  13  0:19  Supply Depot  
  13  0:23  Refinery  
  13  0:32  SCV  
  14  0:44  SCV  
  14  0:45  Barracks  
  15  0:56  SCV  
  16  1:08  SCV  
  16  1:09  Refinery  
  17  1:30  SCV  
  18  1:42  Factory  
  18  1:47  Barracks Tech Lab  
  18  1:55  Orbital Command  
  18  2:04  Engineering Bay  
  18  2:09  Supply Depot  
  18  2:26  Barracks Reactor  
  18  2:32  Terran Infantry Weapons Level 1  
  18  2:45  Barracks  
  18  2:52  Siege Tank  
  18  2:58  SCV  
  22  3:04  Marine x2  
  24  3:10  SCV  
  24  3:27  Marine x2  
  26  3:36  Siege Tank  
  29  3:45  Marine  
  30  3:54  Command Center  
  30  4:04  Barracks Tech Lab  
  30  4:24  Starport  
  30  4:37  Refinery  
  30  4:47  Terran Infantry Armor Level 1  
  30  4:53  Starport, SCV  
  31  5:06  Siege Tank, SCV  
  35  5:13  Bunker  
  35  5:18  Marine  
  35  5:19  Marine x2  
  38  5:22  Starport Tech Lab  
  38  5:29  Fusion Core  
  38  5:30  SCV  
  39  5:36  Marine  
  39  5:37  Marine x2  
  39  5:41  Orbital Command  
  39  5:42  SCV  
  43  5:54  Marine x2, SCV  
  46  6:04  Refinery  
  46  6:08  Supply Depot  
  46  6:09  Marine  
  43  6:12  Marine x2  
  31  6:27  Marine  
  31  6:45  Marine  
  30  7:15  SCV  
  31  7:27  SCV  
  32  7:30  Starport Tech Lab  
  32  7:39  SCV  
  32  7:41  SCV  
  34  7:51  SCV, Battlecruiser  
  40  7:53  SCV  
  42  8:03  SCV  
  43  8:15  SCV  
Tags
 
Add a new tag
Caveats
  • Supply blocks, unpowered buildings, or Contaminate may cause inaccurate times.
  • Supply counts are checked every 10 seconds.